 Dungeon Crawl Stone Soup version 0.28-b1-1-g3c77fb2ed1 (webtiles) character file.

Game seed: 9632158032205747305

453 cayde69 the Ruffian (level 6, -5/61 HPs)
             Began as a Troll Berserker on Jan 28, 2022.
             Was a Believer of Trog.
             Slain by a gargoyle (18 damage)
             ... on level 6 of the Dungeon.
             The game lasted 00:06:16 (2291 turns).

cayde69 the Ruffian (Troll Berserker)               Turns: 2291, Time: 00:06:17

Health: -5/61      AC:  4    Str: 28    XL:     6   Next: 75%
Magic:  5/5        EV:  9    Int:  3    God:    Trog [**....]
Gold:   154        SH:  5    Dex:  9    Spells: 5/5 levels left

rFire   . . .      SeeInvis .     - Unarmed
rCold   . . .      Faith    .   h - +0 kite shield
rNeg    . . .      Spirit   .   a - +0 animal skin
rPois   .          Reflect  .   (helmet restricted)
rElec   .          Harm     .   (no cloak)
rCorr   .          Rampage  .   (gloves unavailable)
Will    ++...                   (boots unavailable)
Stlth   +.........              (no amulet)
HPRegen 2.00/turn               (no ring)
MPRegen 0.09/turn               (no ring)

@: strong-willed, regenerating
A: large, unfitting armour, claws 3, regeneration 1, shaggy fur 1, tough skin 1
a: Renounce Religion, Berserk, Trog's Hand


You were on level 6 of the Dungeon.
You worshipped Trog.
Trog was pleased with you.
You visited 1 branch of the dungeon, and saw 4 of its levels.

You collected 154 gold pieces.

Inventory:

Missiles
 g - 20 stones (quivered)
Armour
 a - a +0 animal skin (worn)
 b - a +0 robe
 h - a +0 kite shield (worn)
 j - a +0 chain mail
Scrolls
 c - a scroll of brand weapon {unknown}
 d - a scroll of teleportation {unknown}
 f - a scroll of torment {unknown}
 k - a scroll of magic mapping {unknown}
 l - a scroll of identify {unknown}
Potions
 e - 3 potions of mutation {unknown}
 i - 2 potions of heal wounds {unknown}
 m - a potion of ambrosia {unknown}


   Skills:
 + Level 3.3 Fighting
 + Level 3.7 Dodging
 + Level 0.5 Stealth
 + Level 0.2 Shields
 + Level 6.0 Unarmed Combat


You had 5 spell levels left.
You didn't know any spells.
Your spell library was empty.

Dungeon Overview and Level Annotations

Branches:
Dungeon (3/15)

Altars:

Shops:
D:3 (


Innate Abilities, Weirdness & Mutations

You are too large for most types of armour.
You have claws for hands.
Your natural rate of healing is unusually fast.
You are covered in fur. (AC +1)
You have tough skin. (AC +1)


Message History

The shaft crumbles and collapses.
Found a smoky coppery potion.
A water moccasin zombie comes into view.
Found a stone staircase leading down.
A gargoyle and a black bear come into view.
The black bear growls angrily.
A shadow comes into view.
You scratch the black bear.
The black bear is lightly wounded.
The black bear bites you! The black bear closely misses you.
You block the black bear's attack.
The water moccasin zombie bites you but does no damage.
You scratch the black bear.
The black bear is moderately wounded.
You block the black bear's attack.
The black bear claws you but does no damage.
The black bear claws you. The water moccasin zombie bites you.
The black bear closely misses you. The black bear claws you.
The black bear barely misses you.
The shadow slips into darkness.
The shadow flickers and vanishes!
Deactivating autopickup; reactivate with Ctrl-A.
The water moccasin zombie bites you. The gargoyle hits you with a +0 mace!
You scratch the black bear.
The black bear is moderately wounded.
The black bear bites you but does no damage.
The black bear barely misses you. The black bear closely misses you.
The gargoyle hurls a stone arrow at you.
The stone arrow hits you!
You are too injured to fight recklessly!
You are too injured to fight recklessly!
You are too injured to fight recklessly!
Your skin crawls.
You feel strong-willed. The black bear bites you!
* * * LOW HITPOINT WARNING * * *
You block the black bear's attack. The black bear barely misses you.
The gargoyle hits you with a +0 mace!!
You die...

##########.###
#####..h..!......
#.....@9...###.###.
#.....##Z.....>....
#.....##..........#
#.....##..#.#.#.#.
#.....##..#.# #
#.....##..#.#
#.....##.#.#.
########.#### #..


You could see a black bear, a gargoyle and a water moccasin zombie.

Vanquished Creatures
  Pargi (D:3)
  A sky beast (D:3)
  An ogre (D:2)
  A wyvern zombie (D:3)
  A bullfrog skeleton (D:2)
  4 adders (D:2)
  A dart slug (D:2)
  An orc (D:3)
  5 bats
  8 endoplasms
  3 giant cockroaches
  4 goblins
  6 hobgoblins
  A quokka (D:1)
  4 ball pythons
  5 frilled lizards
  10 kobolds
  7 rats
64 creatures vanquished.

Notes
Turn   | Place    | Note
-------+----------+-------------------------------------------
     0 | D:1      | cayde69 the Troll Berserker began the quest for the Orb.
     0 | D:1      | Reached XP level 1. HP: 22/22 MP: 0/0
    72 | D:1      | Reached XP level 2. HP: 29/29 MP: 1/1
   325 | D:1      | Reached ** piety under Trog
   326 | D:1      | Reached XP level 3. HP: 36/36 MP: 2/2
   570 | D:1      | Found a faded altar of an unknown god.
   689 | D:2      | Reached skill level 4 in Unarmed Combat
   689 | D:2      | Reached XP level 4. HP: 44/44 MP: 3/3
   783 | D:2      | Noticed an ogre
   791 | D:2      | Killed an ogre
   792 | D:2      | Reached XP level 5. HP: 39/53 MP: 4/4
  1663 | D:3      | Noticed Pargi
  1676 | D:3      | Killed Pargi
  1677 | D:3      | Reached skill level 5 in Unarmed Combat
  1677 | D:3      | Reached XP level 6. HP: 48/61 MP: 5/5
  1866 | D:3      | Found Mebafag's Antique Weapon Emporium.
  2007 | D:3      | Noticed a sky beast
  2015 | D:3      | Killed a sky beast
  2176 | D:3      | Reached skill level 6 in Unarmed Combat
  2275 | D:3      | You fall into a shaft and drop 3 floors!
  2279 | D:6      | Noticed a gargoyle
  2279 | D:6      | Noticed a shadow
  2291 | D:6      | Slain by a gargoyle

Illustrated notes

Levels and vault maps discovered:
D:1:      doesnt_arrival_eight_statues, layout_loops_ring,
          shapermc_ecumenical_altar_mp_vishouse
D:2:      layout_basic
D:3:      layout_loops_ring, serial_shops, shop, uniq_pargi
D:6:      kennysheep_kobold_camp, layout_basic, tgw_trog,
          gammafunk_ghost_cemetery, hex_large, minmay_manual_maat

Skill      XL: |  1  2  3  4  5  6 |
---------------+-------------------+-----
Dodging        | 3 |  3.7
Unarmed Combat | 4 5 6 |  6.0
Fighting       | 3 |  3.3
Stealth        | |  0.5
Shields        | |  0.2

Action                   |  1- 3 |  4- 6 || total
-------------------------+-------+-------++-------
Melee: Unarmed           |    76 |    95 ||   171
Invok: Berserk           |       |     3 ||     3
       Trog's Hand       |       |     2 ||     2
Armor: Animal skin       |    33 |    41 ||    74
Dodge: Dodged            |    40 |    53 ||    93
Block: Kite shield       |       |    13 ||    13
